 Dungeon Crawl Stone Soup version 0.22-a0-322-g60b3cfd (webtiles) character file.

247 xccam the Cudgeler (level 6, 0/70 HPs)
             Began as a Human Fighter on Apr 3, 2018.
             Slain by a mummy (6 damage)
             ... in an ossuary.
             The game lasted 00:04:03 (2881 turns).

xccam the Cudgeler (Human Fighter)                  Turns: 2881, Time: 00:04:04

Health: 0/70       AC: 27    Str: 18    XL:     6   Next: 34%
Magic:  15/15      EV:  2    Int:  9    God:
Gold:   195        SH:  9    Dex: 12    Spells: 5/5 levels left

rFire    . . .     SeeInvis .   a - +0 flail
rCold    . . .     Gourm    .   c - +0 shield
rNeg     + + +     Faith    .   (armour currently unavailable)
rPois    +         Spirit   .   (helmet currently unavailable)
rElec    .         Reflect  .   (cloak currently unavailable)
rCorr    .         Harm     .   (gloves currently unavailable)
MR       .....     NoTele   +   (boots currently unavailable)
Stlth    +.........             t - amulet of rage
HPRegen  0.21/turn              v - ring of magical power
MPRegen  0.14/turn              w - +4 ring of protection

@: tree-form
A: no striking features
a: Evoke Berserk Rage


You were in an ossuary.
You were near starving.
You were a tree.
You visited 1 branch of the dungeon, and saw 4 of its levels.
You also visited: Ossuary.

You collected 195 gold pieces.

Inventory:

Hand Weapons
 a - a +0 flail (weapon)
Missiles
 e - 8 javelins (quivered)
Armour
 b - a +0 scale mail (melded)
 c - a +0 shield (worn)
 i - a cursed +0 helmet (melded)
 k - a +0 plate armour
Jewellery
 q - an uncursed amulet of guardian spirit
 t - an amulet of rage (around neck)
 v - a ring of magical power (left branch)
 w - a +4 ring of protection (right branch)
Scrolls
 h - 5 scrolls of identify {unknown}
 j - a scroll of remove curse {unknown}
 l - 2 scrolls of teleportation {unknown}
 m - 2 scrolls of enchant weapon {unknown}
Potions
 n - a potion of flight {unknown}
 p - a potion of heal wounds {unknown}
 r - a potion of ambrosia {unknown}
 s - a potion of haste {unknown}
Comestibles
 f - 3 rations


   Skills:
 - Level 3.0 Fighting
 + Level 6.2 Maces & Flails
 - Level 3.0 Armour
 - Level 3.0 Shields


You had 5 spell levels left.
You didn't know any spells.

Dungeon Overview and Level Annotations

Branches:
Dungeon (4/15)
 Temple: D:4-7

Altars:
Kikubaaqudgha


Message History

The bog mummy is moderately damaged.
The mummy barely misses you.
The bog mummy gestures at you while chanting.
You resist with some effort.
You hit the bog mummy.
The bog mummy is heavily damaged.
The mummy hits you!
You hit the bog mummy but do no damage.
The bog mummy is heavily damaged.
The bog mummy hits you!
* * * LOW HITPOINT WARNING * * *
The mummy hits you but does no damage.
A hound zombie comes into view.
You feel better. The bog mummy hits you.
* * * LOW HITPOINT WARNING * * *
You turn into a tree.
Your cursed +0 helmet melds into your body.
Your +0 scale mail melds into your body.
Your roots penetrate the ground.
The mummy hits you.
You die...

#≈≈ #≈.
+≈# #M'
#.## '.'
#####.###
#∩..#Z'.#
#.∩♣MZ###
#..M#.'.#
#####.###
..' '#+##
#. #


You could see a mummy, a bog mummy, a hound zombie and a howler monkey zombie.

Vanquished Creatures
  2 bullfrog zombies (Ossuary)
  6 mummies (Ossuary)
  2 adders
  2 adder zombies (Ossuary)
  A dart slug (D:1)
  4 leopard geckos
  3 orcs (D:3)
  2 ball pythons
  10 bats
  A giant cockroach (D:2)
  6 goblins
  6 hobgoblins
  9 jackals (D:1)
  2 quokkas (D:3)
  4 frilled lizards
  11 kobolds
  A leopard gecko zombie (Ossuary)
  A quokka zombie (Ossuary)
  6 rats
79 creatures vanquished.

Vanquished Creatures (others)
  2 withered plants (Ossuary)
2 creatures vanquished.

Grand Total: 81 creatures vanquished

Notes
Turn   | Place    | Note
-------+----------+-------------------------------------------
     0 | D:1      | xccam the Human Fighter began the quest for the Orb.
     0 | D:1      | Reached XP level 1. HP: 18/18 MP: 1/1
    69 | D:1      | Reached XP level 2. HP: 14/24 MP: 2/2
    86 | D:1      | Reached skill level 3 in Maces & Flails
   132 | D:1      | Reached XP level 3. HP: 11/29 MP: 3/3
  1211 | D:2      | Reached skill level 4 in Maces & Flails
  1211 | D:2      | Reached XP level 4. HP: 35/35 MP: 4/4
  2120 | D:3      | Found an ancient bone altar of Kikubaaqudgha.
  2256 | D:3      | Reached XP level 5. HP: 36/41 MP: 5/5
  2401 | D:4      | Found a sand-covered staircase.
  2407 | Ossuary  | Entered an ossuary
  2422 | Ossuary  | Reached skill level 5 in Maces & Flails
  2437 | Ossuary  | HP: 2/41 [mummy (15)]
  2594 | Ossuary  | Reached XP level 6. HP: 15/47 MP: 6/6
  2753 | Ossuary  | Reached skill level 6 in Maces & Flails
  2881 | Ossuary  | Slain by a mummy

Vault maps used:
D:1:      minmay_arrival_open_corners, hangedman_feature_mirror
D:2:      kennysheep_generic_room_13
D:3:      old_standard_altar, dk_noncrumbling_3
D:4:      nicolae_ossuary_entry_plus, first_ration, serial_shops,
          nicolae_shop_overgrown_old_shop, kennysheep_generic_room_5, uniq_pikel
Ossuary:  ossuary_zaba_flooded

Skill      XL: |  1  2  3  4  5  6 |
---------------+-------------------+-----
Maces & Flails | 3 4 5 6 |  6.2
Fighting       | |  3.0
Armour         | |  3.0
Shields        | |  3.0

Action                   |  1- 3 |  4- 6 || total
-------------------------+-------+-------++-------
Melee: Flail             |   160 |   170 ||   330
  Use: Potion            |       |     5 ||     5
  Eat: Chunk             |     1 |     4 ||     5
Armor: Scale mail        |    69 |    74 ||   143
       Skin              |       |     4 ||     4
Dodge: Dodged            |    57 |    47 ||   104
Block: Shield            |    72 |    73 ||   145

Table legend:
 A = Spawn XP
 B = Non-spawn XP
 C = Spawn XP percentage of total XP
 D = Spawn monster count
 E = Non-spawn monster count
 F = Spawn count percentage of total count
 G = Total turns spent on level
                    A         B        C        D         E        F      G
               +---------+---------+-------+---------+---------+-------+---------
         Total |       0 |     354 |   0.0 |       0 |      79 |   0.0 |  2881
               +---------+---------+-------+---------+---------+-------+---------
           D:1 |       0 |      61 |   0.0 |       0 |      33 |   0.0 |  1016
           D:2 |       0 |      32 |   0.0 |       0 |      12 |   0.0 |   926
           D:3 |       0 |      50 |   0.0 |       0 |      22 |   0.0 |   453
       Ossuary |       0 |     211 |   0.0 |       0 |      12 |   0.0 |   474
               +---------+---------+-------+---------+---------+-------+---------
